 Dungeon Crawl Stone Soup version 0.23-a0-767-gdc19b93 (webtiles) character file.

97 Hydrazoo the Ducker (level 4, -3/22 HPs)
             Began as a Spriggan Transmuter on Jan 19, 2019.
             Slain by an ice beast (7 damage)
             ... on level 2 of the Dungeon.
             The game lasted 00:04:33 (2844 turns).

Hydrazoo the Ducker (Spriggan Transmuter)           Turns: 2844, Time: 00:04:34

Health: -3/22      AC:  2    Str:  6    XL:     4   Next: 42%
Magic:  8/10       EV: 23    Int: 15    God:
Gold:   59         SH:  0    Dex: 21    Spells: 6/10 levels left

rFire    . . .     SeeInvis +     - Unarmed
rCold    . . .     Gourm    .   (shield currently unavailable)
rNeg     . . .     Faith    .   (armour currently unavailable)
rPois    x         Spirit   .   (helmet currently unavailable)
rElec    .         Reflect  .   (cloak currently unavailable)
rCorr    .         Harm     .   (gloves unavailable)
MR       .....                  (boots unavailable)
Stlth    ++........             (no amulet)
HPRegen  0.07/turn              (no ring)
MPRegen  0.12/turn              (no ring)

@: spider-form
A: tiny, unfitting armour, see invisible, herbivore, slow metabolism 2
a: End Transformation


You were on level 2 of the Dungeon.
You were not hungry.
You were a venomous arachnid creature.
You visited 1 branch of the dungeon, and saw 2 of its levels.

You collected 59 gold pieces.

Inventory:

Missiles
 a - 24 arrows
Armour
 b - a +0 robe (melded)
Jewellery
 k - a cursed ring of attention {unknown}
Scrolls
 c - a scroll of remove curse {unknown}
 e - a scroll of identify {unknown}
 h - 2 scrolls of fog {unknown}
 i - a scroll of teleportation {unknown}
 j - a scroll of amnesia {unknown}
Potions
 f - 2 potions of curing {unknown}
 g - a potion of degeneration {unknown}
Comestibles
 d - 3 rations


   Skills:
 - Level 1.2 Fighting
 + Level 3.9 Dodging
 * Level 3.2 Unarmed Combat
 + Level 3.5 Spellcasting
 + Level 3.6 Transmutations


You had 6 spell levels left.
You knew the following spells:

 Your Spells              Type           Power        Failure   Level  Hunger
a - Beastly Appendage     Tmut           ##....       13%         1    None
b - Spider Form           Tmut/Pois      #.........   47%         3    ###....

Your spell library contained the following spells:

 Spells                   Type           Power        Failure   Level  Hunger
 Sticks to Snakes         Tmut           ##......     17%         2    ##.....
 Ice Form                 Ice/Tmut       #.......     83%         4    ####...
 Blade Hands              Tmut           ##........   89%         5    ######.


Dungeon Overview and Level Annotations

Branches:
Dungeon (2/15)

Altars:
Hepliaklqana


Innate Abilities, Weirdness & Mutations

You are very small and have problems with some larger weapons.
You are too small for most types of armour.
You have supernaturally acute eyesight. (SInv)
You are a herbivore.
((You cover ground extremely quickly.))
You need to consume almost no food.


Message History

Your +0 robe melds into your body.
Found a scroll labeled GITHRU CAQOGU.
The ice beast hits you. The ice beast freezes you!
Ouch! That really hurt!
You are too injured to fight recklessly!
You are too injured to fight recklessly!
You are too injured to fight recklessly!
You are too injured to fight recklessly!
You hit the ice beast.
The ice beast is lightly wounded.
The ice beast closely misses you.
You barely miss the ice beast.
The ice beast is lightly wounded.
The ice beast misses you.
You hit the ice beast but do no damage.
The ice beast is lightly wounded.
The ice beast hits you.
* * * LOW HITPOINT WARNING * * *
The ice beast freezes you!
You die...

#......###.####.##
###.##>.####.##.....
#........##..#......
#............#......
#.#.............._..
#.........#..#......
#.#.....###..#......
###.#.#...... ##.....
#....s.........####.##
###.#Y#.............).
#...##..#####....##.
#.........# ##......
#............ .....##.
#......?..######......
#.........# ###.##.
#.........# #. ##
#.........#


You could see an ice beast.

Vanquished Creatures
  2 adders (D:2)
  4 oozes (D:1)
  A worm (D:2)
  A dart slug (D:1)
  A leopard gecko (D:2)
  2 giant cockroaches (D:1)
  6 goblins
  14 hobgoblins
  2 ball pythons
  2 bats
  4 frilled lizards
  10 kobolds
  4 rats
53 creatures vanquished.

Notes
Turn   | Place    | Note
-------+----------+-------------------------------------------
     0 | D:1      | Hydrazoo the Spriggan Transmuter began the quest for the
                  | Orb.
     0 | D:1      | Reached XP level 1. HP: 9/9 MP: 5/5
   431 | D:1      | Reached XP level 2. HP: 14/14 MP: 4/6
   433 | D:1      | Reached skill level 1 in Fighting
  1014 | D:1      | Reached XP level 3. HP: 8/18 MP: 6/8
  1171 | D:1      | Learned a level 3 spell: Spider Form
  2235 | D:2      | Reached XP level 4. HP: 5/22 MP: 0/10
  2530 | D:2      | Noticed an ice beast
  2780 | D:2      | Found a hazy altar of Hepliaklqana.
  2844 | D:2      | Slain by an ice beast

Vault maps used:
D:1:      erik_arrival_gehennom
D:2:      old_standard_altar, first_ration, nicolae_ru_path_of_blood

Skill      XL: |  1  2  3 |
---------------+----------+-----
Fighting       | 1 |  1.2
Transmutations | 3 |  3.6
Spellcasting   | 3 |  3.5
Unarmed Combat | 3 |  3.2
Dodging        | |  3.9

Action                   |  1- 3 |  4- 6 || total
-------------------------+-------+-------++-------
Melee: Unarmed           |   179 |    44 ||   223
       Kick              |     4 |       ||     4
       Headbutt          |     6 |       ||     6
 Cast: Beastly Appendage |     7 |       ||     7
       Spider Form       |    12 |     5 ||    17
 Stab: Sleeping          |     3 |       ||     3
  Eat: Ration            |       |     1 ||     1
Armor: Robe              |     6 |     1 ||     7
       Skin              |     1 |       ||     1
Dodge: Dodged            |   143 |    61 ||   204

Table legend:
 A = Non-vault XP
 B = Vault XP
 C = Vault XP percentage of total XP
 D = Non-vault monster count
 E = Vault monster count
 F = Vault count percentage of total count
                 A         B        C        D         E       F
            +---------+---------+-------+---------+---------+-------
      Total |     121 |      18 |  12.9 |      48 |       5 |   9.4
            +---------+---------+-------+---------+---------+-------
        D:1 |      60 |      18 |  23.1 |      28 |       5 |  15.2
        D:2 |      61 |       0 |   0.0 |      20 |       0 |   0.0
            +---------+---------+-------+---------+---------+-------
